 Dungeon Crawl Stone Soup version 0.30-a0-883-g5ad918d77d (webtiles) character file.

Game seed: 3492356704310423366

1948 Sanktem7 the Cleaver (level 8, -11/73 HPs)
             Began as a Minotaur Fighter on Mar 16, 2023.
             Mangled by an orc knight
             ... wielding a +0 war axe
              (13 damage)
             ... in a bailey.
             The game lasted 00:09:52 (4845 turns).

Sanktem7 the Cleaver (Minotaur Fighter)             Turns: 4845, Time: 00:09:53

Health: -11/73     AC: 18    Str: 24    XL:     8   Next: 98%
Magic:  7/7        EV:  6    Int:  5    God:
Gold:   388        SH:  5    Dex:  9    Spells: 7/7 levels left

rFire   . . .      SeeInvis .    a - +1 war axe
rCold   . . .      Faith    .    c - +0 buckler
rNeg    . . .      Spirit   .    m - +0 plate armour
rPois   +          Reflect  .    (helmet restricted)
rElec   .          Rampage  .    (no cloak)
rCorr   .                        r - +1 pair of gloves
Will    .....                    l - +2 pair of boots Stlth
                                 (no amulet)
HPRegen 0.32/turn                o - ring of poison resistance
MPRegen 0.10/turn                (no ring)

@: no status effects
A: horns 2, retaliatory headbutt
a: no special abilities


You were in a bailey.
You visited 1 branch of the dungeon, and saw 7 of its levels.
You also visited: Bailey.

You collected 388 gold pieces.

Inventory:

Hand Weapons
 a - a +1 war axe (weapon)
Armour
 c - a +0 buckler (worn)
 l - a +2 pair of boots (worn)
 m - a +0 plate armour (worn)
 r - a +1 pair of gloves (worn)
Jewellery
 o - a ring of poison resistance (left hand)
Wands
 j - a wand of digging (2)
 q - a wand of roots (13)
 w - a wand of charming (1)
Scrolls
 e - 4 scrolls of teleportation
 h - 5 scrolls of fear
 i - a scroll of noise
 u - a scroll of vulnerability {unknown}
Potions
 b - 4 potions of curing
 d - 2 potions of might
 f - 5 potions of brilliance
 g - 2 potions of berserk rage
 k - a potion of attraction
 n - a potion of mutation
 p - a potion of degeneration
 s - a potion of haste


   Skills:
 + Level 7.2 Fighting
 * Level 9.2 Axes
 + Level 7.2 Armour
 + Level 7.2 Shields


You had 7 spell levels left.
You didn't know any spells.
Your spell library contained the following spells:

 Spells                   Type           Power      Damage    Failure   Level
 Apportation              Tloc           0%         N/A       100%        1
 Necrotise                Necr           0%         1d4       100%        1
 Sandblast                Erth           0%         2d4       100%        1
 Sting                    Tmut/Pois      0%         1d3       100%        1
 Summon Small Mammal      Summ           0%         N/A       100%        1
 Passwall                 Tmut/Erth      0%         N/A       100%        2
 Poisonous Vapours        Pois/Air       0%         N/A       100%        2
 Dazzling Flash           Conj/Hex       0%         N/A       100%        3
 Stone Arrow              Conj/Erth      0%         3d7       100%        3
 Iskenderun's Mystic Bla  Conj/Tloc      0%         2d3       100%        4
 Olgreb's Toxic Radiance  Pois           0%         N/A       100%        4
 Starburst                Conj/Fire      0%         6d3       100%        6


Dungeon Overview and Level Annotations

Branches:
Dungeon (7/15)             Bailey (1/1)
 Temple: D:4-7

Altars:
Dithmenos
Fedhas
Kikubaaqudgha
Nemelex Xobeh
Qazlal
Uskayaw


Innate Abilities, Weirdness & Mutations

You have a pair of horns on your head.
You reflexively headbutt those who attack you in melee.


Message History

The orc knight hits you with a +0 war axe!
You hit the orc knight but do no damage.
The orc knight is lightly wounded.
The orc knight hits you with a +0 war axe! x2
You barely miss the orc knight.
The orc knight is lightly wounded.
The orc knight hits you but does no damage.
You closely miss the orc knight.
The orc knight is lightly wounded.
The orc knight hits you with a +0 war axe.
You barely miss the orc knight.
The orc knight is lightly wounded.
The orc knight hits you but does no damage.
You hit the orc knight but do no damage.
You headbutt the orc knight.
The orc knight is lightly wounded.
The orc knight hits you but does no damage.
You slash the orc knight!
The orc knight is moderately wounded.
The orc knight hits you with a +0 war axe!
* * * LOW HITPOINT WARNING * * *
You barely miss the orc knight.
The orc knight is moderately wounded.
The orc knight barely misses you.
You hit the orc knight.
The orc knight is moderately wounded.
The orc knight hits you but does no damage.
Sorry, you're not good enough to have a special ability.
The orc knight attacks as you move away!
The orc knight hits you with a +0 war axe.
* * * LOW HITPOINT WARNING * * *
The orc knight attacks as you move away!
The orc knight hits you with a +0 war axe!
* * * LOW HITPOINT WARNING * * *
There is a large open door here.
Unknown command.
You hit the orc knight. You headbutt the orc knight.
The orc knight is heavily wounded.
The orc knight hits you with a +0 war axe!
You die...

#≈≈≈≈≈~.#
######.≈≈≈≈~.#
#......≈≈≈≈~.#++####
###......≈≈≈≈~.#.....#
#..............')....#
#∩..∩..........').⌠..#
#..............')....#
###......≈≈≈≈~.#.....#
#......≈≈≈≈~.#@o#####
######.≈≈≈≈~.#......#
#≈≈≈≈≈~.#..)...#
#≈≈≈≈≈######...#
#≈≈≈≈≈# .8.8.8.
....... #######


You could see an orc knight.

Vanquished Creatures
  Sigmund (D:2)
  A black bear (D:6)
  2 orc warriors
  An ice beast (D:6)
  2 centaurs (D:6)
  An ogre (D:5)
  3 phantoms
  A kobold brigand (D:7)
  A bullfrog (D:6)
  An electric eel (D:7)
  4 howler monkeys
  A jelly (D:6)
  3 hounds
  4 orc priests
  An iguana (D:5)
  2 orc wizards (D:6)
  Natasha (twice) (D:3)
  3 sleepcaps
  5 adders
  2 white imps
  3 adder skeletons (D:3)
  3 worms
  2 dart slugs
  17 orcs
  5 bats
  4 endoplasms
  6 giant cockroaches
  9 goblins
  10 hobgoblins
  3 jackals (D:1)
  10 kobolds
  2 quokkas
  3 ball pythons
  A ball python skeleton (D:3)
  A frilled lizard (D:2)
  2 rats
122 creatures vanquished.

Vanquished Creatures (others)
  An orc wizard (D:3)
1 creature vanquished.

Grand Total: 123 creatures vanquished

Notes
Turn   | Place    | Note
-------+----------+-------------------------------------------
     0 | D:1      | Sanktem7 the Minotaur Fighter began the quest for the Orb.
     0 | D:1      | Reached XP level 1. HP: 19/19 MP: 0/0
   167 | D:1      | Reached XP level 2. HP: 23/27 MP: 1/1
   426 | D:1      | Reached skill level 3 in Axes
   877 | D:2      | Found a blossoming altar of Fedhas.
   886 | D:2      | Reached XP level 3. HP: 32/33 MP: 2/2
   982 | D:2      | Noticed Sigmund
   990 | D:2      | Killed Sigmund
   991 | D:2      | Reached skill level 4 in Axes
   991 | D:2      | Reached XP level 4. HP: 27/41 MP: 3/3
   991 | D:2      | Reached XP level 5. HP: 31/47 MP: 4/4
  1411 | D:3      | Reached skill level 5 in Axes
  1443 | D:3      | Reached XP level 6. HP: 26/55 MP: 5/5
  1614 | D:3      | Noticed Natasha
  1618 | D:3      | Killed Natasha
  1766 | D:3      | Found a faded altar of an unknown god.
  1766 | D:3      | Noticed Natasha
  1772 | D:3      | Killed Natasha
  1773 | D:3      | Reached skill level 5 in Fighting
  1828 | D:3      | Reached skill level 5 in Shields
  1855 | D:3      | Reached skill level 5 in Armour
  2285 | D:3      | Found an ancient bone altar of Kikubaaqudgha.
  2286 | D:3      | Found a shadowy altar of Dithmenos.
  2381 | D:3      | Found a stormy altar of Qazlal.
  2441 | D:4      | Identified the +5 falchion of Fiatidd {flame, Dex+4}
  2475 | D:4      | You fall into a shaft and drop 1 floor!
  2475 | D:5      | Entered Level 5 of the Dungeon
  2562 | D:5      | Reached skill level 6 in Axes
  2562 | D:5      | Reached XP level 7. HP: 42/61 MP: 6/6
  3530 | D:6      | Reached skill level 7 in Axes
  3556 | D:6      | Reached XP level 8. HP: 16/70 MP: 7/7
  3957 | D:6      | Reached skill level 8 in Axes
  4169 | D:6      | Found a sparkling altar of Nemelex Xobeh.
  4234 | D:7      | Found a hide-covered altar of Uskayaw.
  4417 | D:7      | Reached skill level 9 in Axes
  4775 | D:7      | Found a flagged portal.
  4781 | Bailey   | Entered a bailey
  4828 | Bailey   | Noticed an orc knight
  4844 | Bailey   | HP: 2/73 [orc knight/+0 war axe (13)]
  4845 | Bailey   | Mangled by an orc knight

Illustrated notes

Levels and vault maps discovered:
D:1:      ncdulo_lavacross, layout_loops_ring,
          amcnicky_mini_rare_corridor_liquid
D:2:      layout_rooms, basic_altar, uniq_sigmund
D:3:      layout_loops_corners, nicolae_overflow_ecumenical_swirl, minitemple,
          serial_undead, serial_undead_e, serial_undead_b, serial_undead_c,
          serial_undead_e, uniq_natasha
D:4:      layout_basic, minmay_temple_entry_glassed_door, minmay_statues_item,
          st_stairs_14
D:5:      layout_basic, minmay_misc_feat_cross
D:6:      layout_loops_ring, mainiacjoe_overflow_alcove_4, serial_glass,
          glass_columns_a, glass_columns_a, glass_columns_b, glass_columns_a,
          glass_columns_c, glass_columns_b, glass_columns_a, glass_columns_a
D:7:      layout_loops_corners, mainiacjoe_overflow_concentric_impassable,
          enter_bailey_3, kennysheep_cross_bottleneck
Bailey:   bailey_axe_of_yendor_kennysheep, bailey

Skill      XL: |  1  2  3  4  5  6  7  8 |
---------------+-------------------------+-----
Axes           | 3 4 5 6 7 9 |  9.2
Fighting       | 4 5 6 7 |  7.2
Shields        | 4 5 6 7 |  7.2
Armour         | 4 5 6 7 |  7.2

Action                     |  1- 3 |  4- 6 |  7- 9 || total
---------------------------+-------+-------+-------++-------
  Melee: War axe           |    59 |   108 |   178 ||   345
         Headbutt          |     5 |     8 |    29 ||    42
    Use: Scroll            |       |       |    13 ||    13
 Armour: Scale mail        |     7 |       |       ||     7
         Chain mail        |    30 |    38 |       ||    68
         Plate armour      |       |    26 |   142 ||   168
  Dodge: Dodged            |    20 |    34 |    47 ||   101
  Block: Buckler           |    14 |    15 |    33 ||    62

Table legend: (Time is in decaauts)
 A = Elapsed time spent in this place.
 B = Non-inter-level travel time spent in this place.
 C = Inter-level travel time spent in this place.
 D = Time resting spent in this place.
 E = Time spent auto-exploring this place.
 F = Levels seen in this place.
 G = Mean time per level.
                   A        B        C        D        E       F      G
               +--------+--------+--------+--------+--------+-----+--------+
         Total |   4921 |   4777 |    144 |      0 |   3452 |   8 |  615.1 |
       Dungeon |   4854 |   4710 |    144 |      0 |   3452 |   7 |  693.4 |
        Bailey |     66 |     66 |      0 |      0 |      0 |   1 |   66.0 |
               +--------+--------+--------+--------+--------+-----+--------+

Top non-repeatable levels by time:
     D:3: 1064 daAuts
     D:6: 909 daAuts
     D:5: 871 daAuts
     D:1: 835 daAuts
     D:2: 583 daAuts
     D:7: 552 daAuts
  Bailey: 66 daAuts
     D:4: 38 daAuts
